AoeStats
← borgff

Glade

510296946Analyzed
1v1 RM · 2d ago on Sep 30, 2026· 37m 19s· 2 players
Game mode
Random Map
Map size
Tiny (2 player)
Population
200
Speed
Normal
Resources
Standard
Victory
Conquest
Starting age
Dark Age
Ending age
Imperial Age
RankedLock teamsTeams togetherTeam positionsShared explorationLock speedFull tech treeHidden civsTurbo modeCheats
Victory
Defeat
🇸🇪 Portuguese · Sweden
1353
+16
🇦🇷 Franks · Argentina
1354
-16
borgff
8:59 Feudal Age
9:36 Double-Bit Axe
9:17 Man-at-Arms
11:45 Horse Collar
17:23 Loom
20:34 Castle Age
22:16 Bow Saw
29:37 Imperial Age
29:20 Pikeman
30:14 Scale Mail Armor
30:24 Forging
31:56 Chemistry
35:30 Wheelbarrow
36:19 Arquebus
[LAK]ang87
6:44 Loom
9:17 Feudal Age
14:00 Double-Bit Axe
21:52 Castle Age
20:11 Gold Mining
20:31 Forging
22:51 Stone Mining
23:38 Wheelbarrow
25:04 Scale Barding Armor
34:33 Imperial Age
35:27 Chain Barding Armor
34:40 Cavalier
35:48 Hand Cart
35:44 Bow Saw
Connection lost

Rejoining the realm…

Still unreachable

The connection could not be restored.

Session expired

The server has moved on; the page needs a fresh start.